 Dungeon Crawl Stone Soup version 0.27-a0-1147-gb3d8e82157 (webtiles) character file.

Game seed: 3128784887180894768

44 neco the Firebug (level 3, -2/21 HPs)
             Began as an Octopode Fire Elementalist on May 11, 2021.
             Was a Follower of Qazlal.
             Slain by a quokka (5 damage)
             ... on level 3 of the Dungeon.
             The game lasted 00:28:43 (2494 turns).

neco the Firebug (Octopode Fire Elementalist)       Turns: 2494, Time: 00:28:44

Health: -2/21      AC:  1    Str:  7 (8)  XL:     3   Next: 60%
Magic:  6/6        EV: 17    Int: 14 (17) God:    Qazlal [*.....]
Gold:   98         SH:  2    Dex: 11 (12) Spells: 5/6 levels left

rFire    . . .     SeeInvis .   k - +0 hand axe
rCold    . . .     Faith    .   (no shield)
rNeg     . . .     Spirit   .   (helmet restricted)
rPois    .         Reflect  .   (no amulet)
rElec    .         Harm     .   e - +4 ring of evasion
rCorr    .         Rampage  .   (no ring)
Will     .....                  (no ring)
Stlth    +++.......             (no ring)
HPRegen  0.07/turn              (no ring)
MPRegen  0.10/turn              (no ring)
                                (no ring)
                                (no ring)

@: no status effects
A: almost no armour, amphibious, 8 rings, camouflage 1, gelatinous body 1,
(nimble swimmer 1), tentacles
a: Renounce Religion


You were on level 3 of the Dungeon.
You worshipped Qazlal.
Qazlal was aware of your devotion.
You visited 1 branch of the dungeon, and saw 3 of its levels.

You collected 98 gold pieces.

Inventory:

Hand Weapons
 d - a +0 club
 g - a +0 hunting sling
 i - a +0 dagger
 k - a +0 hand axe (weapon)
Missiles
 a - a stone
 f - 20 arrows
Jewellery
 e - a +4 ring of evasion (left tentacle)
Scrolls
 b - a scroll of silence {unknown}
 h - a scroll of immolation {unknown}
Potions
 c - a potion of heal wounds {unknown}


   Skills:
 + Level 0.2 Maces & Flails
 + Level 0.1 Slings
 + Level 2.6 Dodging
 + Level 3.0 Stealth
 + Level 0.1 Unarmed Combat
 + Level 2.4 Spellcasting
 + Level 1.0 Conjurations
 + Level 3.5 Fire Magic


You had 5 spell levels left.
You knew the following spells:

 Your Spells              Type           Power      Damage    Failure   Level
a - Foxfire               Conj/Fire      32%        2x1d5     9%          1

Your spell library contained the following spells:

 Spells                   Type           Power      Damage    Failure   Level
 Conjure Flame            Conj/Fire      8%         6-21      26%         3
 Inner Flame              Hex/Fire       6%         N/A       32%         3
 Sticky Flame             Conj/Fire      8%         2d3       65%         4
 Fireball                 Conj/Fire      4%         3d4       94%         5


Dungeon Overview and Level Annotations

Branches:
Dungeon (3/15)

Altars:
Qazlal

Annotations:
D:2 Terence


Innate Abilities, Weirdness & Mutations

You cannot wear most types of armour.
You are amphibious.
You can wear up to eight rings at the same time.
Your skin changes colour to match your surroundings (Stealth+).
Your rubbery body absorbs attacks. (AC +1, EV +1)
((You are camouflaged near water. (Stealth+)))
You have tentacles for arms and can constrict up to eight enemies at once.


Message History

The quokka barely misses you.
The frilled lizard completely misses you.
You hit the giant cockroach.
You kill the giant cockroach!
Qazlal accepts your kill.
You closely miss the frilled lizard. You barely miss the quokka.
The quokka completely misses you. The frilled lizard misses you.
The quokka closely misses you. The frilled lizard closely misses you.
The frilled lizard barely misses you. The quokka misses you.
The quokka twitches its whiskers.
The quokka closely misses you. The quokka completely misses you.
The quokka closely misses you. The quokka bites you.
The frilled lizard closely misses you. The frilled lizard closely misses you.
The quokka barely misses you. The frilled lizard closely misses you.
The frilled lizard closely misses you. The quokka misses you.
The quokka bites you.
The frilled lizard is engulfed in blazing flames.
You kill the frilled lizard!
Qazlal accepts your kill. The quokka barely misses you. The quokka misses you.
The quokka barely misses you. The quokka completely misses you.
The quokka barely misses you. The quokka misses you.
The quokka barely misses you. The quokka completely misses you.
The quokka bites you.
* * * LOW HITPOINT WARNING * * *
The quokka misses you. The quokka bites you.
* * * LOW HITPOINT WARNING * * *
The quokka barely misses you. The quokka misses you. The quokka bites you.
You die...

..# ###.##### #.
#.......# #.
#.......#
#.####.......
#.#......##
.####.........##
...........r○..#
#.####!....@....#
#. #......†<..#
#..###..........#
#...#<.........#
#...........##
###..........#
#..........#
#..........#
#.........(#


You could see a quokka.

Vanquished Creatures
  2 adders
  A dart slug (D:1)
  3 ball pythons
  4 endoplasms
  3 giant cockroaches
  2 hobgoblins (D:2)
  2 jackals (D:2)
  3 bats
  2 frilled lizards
  A rat (D:1)
23 creatures vanquished.

Vanquished Creatures (others)
  19 foxfires
  A fungus (D:2)
20 creatures vanquished.

Grand Total: 43 creatures vanquished

Notes
Turn   | Place    | Note
-------+----------+-------------------------------------------
     0 | D:1      | neco the Octopode Fire Elementalist began the quest for the
                  | Orb.
     0 | D:1      | Reached XP level 1. HP: 11/11 MP: 3/3
   838 | D:1      | Found a faded altar of an unknown god.
   847 | D:1      | Became a worshipper of Qazlal Stormbringer
   847 | D:1      | Reached * piety under Qazlal
  1026 | D:1      | Reached XP level 2. HP: 17/17 MP: 5/5
  1917 | D:2      | Reached XP level 3. HP: 18/21 MP: 6/6
  2148 | D:2      | Noticed Terence
  2494 | D:3      | Slain by a quokka

Illustrated notes

Levels and vault maps discovered:
D:1:      kilobyte_arrival_exit_the_forest, layout_loops_cross,
          shapermc_ecumenical_altar_mp_urbaneastern
D:2:      layout_loops_cross, uniq_crazy_yiuf_cottage, uniq_terence, uniq_robin
D:3:      layout_rooms, amcnicky_altar_gilded

Skill      XL: |  1  2  3 |
---------------+----------+-----
Stealth        | 3 |  3.0
Maces & Flails | |  0.2
Slings         | |  0.1
Dodging        | |  2.6
Unarmed Combat | |  0.1
Spellcasting   | |  2.4
Conjurations   | |  1.0
Fire Magic     | |  3.5

Action                   || total
-------------------------++-------
Melee: Unarmed           ||    10
       Constrict         ||     6
       Club              ||     3
       Dagger            ||     9
       Hand axe          ||     6
       Tentacles         ||     2
 Fire: Hunting sling     ||    18
 Cast: Foxfire           ||    14
  Use: Potion            ||     3
       Scroll            ||     1
 Stab: Sleeping          ||     2
Armor: Skin              ||     6
Dodge: Dodged            ||    81
Block: Other             ||     7

Table legend: (Time is in decaauts)
 A = Elapsed time spent in this place.
 B = Non-inter-level travel time spent in this place.
 C = Inter-level travel time spent in this place.
 D = Time resting spent in this place.
 E = Time spent auto-exploring this place.
 F = Levels seen in this place.
 G = Mean time per level.
                   A        B        C        D        E       F      G
               +--------+--------+--------+--------+--------+-----+--------+
         Total |   2495 |   2454 |     41 |    828 |      0 |   3 |  831.7 |
       Dungeon |   2495 |   2454 |     41 |    828 |      0 |   3 |  831.7 |
               +--------+--------+--------+--------+--------+-----+--------+

Top non-repeatable levels by time:
     D:1: 1792 daAuts
     D:2: 622 daAuts
     D:3: 80 daAuts
